 Dungeon Crawl Stone Soup version 0.31-a0-1-g4198be8af4 (webtiles) character file.

Game seed: 4514608727072211566

49174 mandoloar the Severer (level 14, -34/202 HPs)
             Began as a Hill Orc Fighter on May 1, 2023.
             Was an Elder of Qazlal.
             Annihilated by an enormous slime creature (55 damage)
             ... on level 12 of the Dungeon.
             The game lasted 00:51:55 (19467 turns).

mandoloar the Severer (Hill Orc Fighter)           Turns: 19467, Time: 00:51:56

Health: -34/202    AC: 34    Str: 24    XL:     14   Next: 49%
Magic:  21/21      EV:  2    Int:  8    God:    Qazlal [****..]
Gold:   1025       SH: 14    Dex: 10    Spells: 13/13 levels left

rFire   . . .        a - +5 broad axe (protect)
rCold   . . .        c - +3 buckler
rNeg    . . .        S - melded +1 plate armour {rF+}
rPois   +            n - melded +1 helmet
rElec   .            T - melded scarf {+Inv}
rCorr   .            O - melded +0 pair of gloves
SInv    .            h - melded +2 pair of boots
Will    +....        s - amulet of regeneration
Stlth   +            f - ring of poison resistance
HPRegen 1.33/turn    w - +5 ring of evasion
MPRegen 0.17/turn

%: repel missiles
@: tree-form, under a protective aura
A: stationary, stasis, torment immunity, boosted hp
a: Renounce Religion, Upheaval, Elemental Force


You were on level 12 of the Dungeon.
You worshipped Qazlal.
Qazlal was greatly pleased with you.
You were a tree.
You visited 3 branches of the dungeon, and saw 20 of its levels.

You collected 1025 gold pieces.

Inventory:

Hand Weapons
 a - a +5 broad axe of protection (weapon)
 b - a +2 morningstar
Missiles
 j - 3 boomerangs
 k - 13 poisoned darts (quivered)
 l - 189 stones
 y - 7 javelins
 A - 6 atropa-tipped darts
 C - a throwing net
 F - a curare-tipped dart
Armour
 c - a +3 buckler (worn)
 h - a +2 pair of boots (melded)
 n - a +1 helmet (melded)
 O - a +0 pair of gloves (melded)
 S - a +1 plate armour of fire resistance (melded)
 T - a scarf of invisibility (melded)
Jewellery
 f - a ring of poison resistance (left branch)
 s - an amulet of regeneration (around neck)
 w - a +5 ring of evasion (right branch)
 R - a ring of see invisible
Wands
 q - a wand of digging (4)
 v - a wand of roots (8)
 D - a wand of acid (9)
 K - a wand of polymorph (1)
 Q - a wand of flame (5)
Scrolls
 d - a scroll of brand weapon
 i - 8 scrolls of identify
 m - 2 scrolls of magic mapping
 r - 6 scrolls of fear
 E - 5 scrolls of teleportation
 G - 2 scrolls of vulnerability
 I - 3 scrolls of blinking
 J - a scroll of fog
 L - 5 scrolls of amnesia
 P - a scroll of immolation
Potions
 e - 2 potions of mutation
 g - 2 potions of lignification
 o - 5 potions of flight
 t - a potion of ambrosia
 x - 6 potions of curing
 z - a potion of resistance
 B - 2 potions of brilliance
 H - 5 potions of magic
 M - a potion of cancellation
 N - 2 potions of invisibility


   Skills:
 + Level 15.1 Fighting
 + Level 16.1 Axes
 + Level 7.8 Throwing
 + Level 10.1 Armour
 + Level 5.8 Dodging
 + Level 10.2 Shields
 + Level 10.6 Invocations


You had 13 spell levels left.
You didn't know any spells.
Your spell library contained the following spells:

 Spells                   Type           Power      Damage    Failure   Level
 Kiss of Death            Conj/Necr      0%         2d5       43%         1
 Magic Dart               Conj           0%         1d3       43%         1
 Necrotise                Necr           0%         1d4       43%         1
 Sting                    Tmut/Pois      0%         1d3       43%         1
 Summon Small Mammal      Summ           0%         N/A       43%         1
 Cigotuvi's Dreadful Rot  Necr/Pois/Air  0%         N/A       58%         2
 Poisonous Vapours        Pois/Air       0%         N/A       58%         2
 Searing Ray              Conj           0%         2d4       58%         2
 Call Canine Familiar     Summ           0%         N/A       82%         3
 Frozen Ramparts          Ice            0%         1d1       82%         3
 Summon Guardian Golem    Hex/Summ       0%         N/A       82%         3
 Vampiric Draining        Necr           0%         2d6       82%         3
 Vhi's Electric Charge    Tloc/Air       0%         N/A       82%         3
 Fulminant Prism          Conj/Hex       0%         3d5       99%         4
 Ice Form                 Ice/Tmut       0%         N/A       99%         4
 Leda's Liquefaction      Hex/Erth       0%         N/A       99%         4
 Summon Ice Beast         Ice/Summ       0%         N/A       99%         4
 Agony                    Necr           0%         N/A       100%        5
 Arcjolt                  Conj/Air       0%         1d10      100%        5
 Blade Hands              Tmut           0%         N/A       100%        5
 Freezing Cloud           Conj/Ice/Air   0%         6-21      100%        5
 Iskenderun's Battlesphe  Conj           0%         2d6       100%        5
 Lee's Rapid Deconstruct  Erth           0%         3d4*      100%        5
 Iron Shot                Conj/Erth      0%         9d1       100%        6
 Plasma Beam              Fire/Air       0%         2x1d11    100%        6
 Statue Form              Tmut/Erth      0%         N/A       100%        6
 Dragon Form              Tmut           0%         N/A       100%        7
 Spellforged Servitor     Conj/Summ      0%         N/A       100%        7
 Maxwell's Capacitive Co  Air            0%         ∞         100%        8


Dungeon Overview and Level Annotations

Branches:
Dungeon (14/15)            Temple (1/1) D:6            Lair (5/5) D:10
  Swamp (0/4) Lair:3        Snake (0/4) Lair:3        Slime (0/5) Lair:5
 Vaults (0/5) D:14
    Orc: D:9-12

Altars:
Ashenzari
Cheibriados
Dithmenos
Elyvilon
Fedhas
Gozag
Hepliaklqana
Kikubaaqudgha
Makhleb
Nemelex Xobeh
Okawaru
Qazlal
Ru
Sif Muna
Trog
Uskayaw
Vehumet
Wu Jian
Xom
Yredelemnul
Zin
The Shining One
Jiyva

Shops:
D:6 [

Portals:
Trove: D:10 (give +5 demon whip)


Message History

You barely miss the large slime creature.
The large slime creature is lightly wounded.
You barely miss the large slime creature.
The large slime creature is lightly wounded.
You block the large slime creature's attack.
Two slime creatures merge to form an enormous slime creature.
You slice the enormous slime creature!!
The enormous slime creature is lightly wounded.
You hit the enormous slime creature.
The enormous slime creature is lightly wounded.
The enormous slime creature hits you!!!
You slash the enormous slime creature!
The enormous slime creature is moderately wounded.
The enormous slime creature closely misses you.
You hit the enormous slime creature.
The enormous slime creature is moderately wounded.
You slash the enormous slime creature!
The enormous slime creature is moderately wounded.
You block the enormous slime creature's attack.
You slash the enormous slime creature!
The enormous slime creature is moderately wounded.
The enormous slime creature hits you!!!
* * * LOW HITPOINT WARNING * * *
You slice the enormous slime creature!!
The enormous slime creature is moderately wounded.
The enormous slime creature completely misses you.
Really quaff the potion of lignification?
You turn into a tree.
Your scarf of invisibility melds into your body.
Your +1 helmet melds into your body.
Your +0 pair of gloves melds into your body.
Your +2 pair of boots melds into your body.
Your +1 plate armour of fire resistance melds into your body.
You feel less resistant to fire.
Your roots penetrate the ground.
The enormous slime creature hits you!!
* * * LOW HITPOINT WARNING * * *
You hit the enormous slime creature.
The enormous slime creature is heavily wounded.
The enormous slime creature hits you!!!
You die...

,,,,,,,,,,**,,,,,,,,,*
***,**,
*************,*.#.##**
****,,,**,
*,,....*****,,,,,,,*,
***....,,,,,,,,,,,,*,
*#..<*****,,,,,,,*,
*ccc** *,,,,,^,,,
************* *#c#*
*,,,,,,,**
,,,,,,,,,,,,* #J#
**,,,,,,,**
***********,* #♣#
*,,,,,,,,,* *,* #.#
*,,*****,,* **,* #.#
*,,*****,,* *,,* #.#
*,,,,,,,,,* *,** #>#
*,***,,,,,* ***,***
#.# *,* ****,,*
*,,,,,* #^# *,* *,,*
*****,***,**#.# **,**
*,,* *,,,,,* *,,,..#
**,,,*****,,*


You could see an enormous slime creature and 4 centaurs.

Vanquished Creatures
  4 vault guards (D:14)
  2 hydras (Lair:4)
  Erica (D:8)
  2 catoblepae
  A centaur warrior (D:14)
  2 boulder beetles
  A tengu warrior (D:14)
  10 death yaks
  2 skysharks (Lair:5)
  A goliath frog (Lair:5)
  A bog body (Lair:3)
  Pikel (D:4)
  A lindwurm (Lair:4)
  An oklob plant (Lair:1)
  A cyclops (D:14)
  6 black mambas
  3 elephants (Lair:4)
  A rime drake (Lair:1)
  16 cane toads
  7 komodo dragons
  4 efreet (D:14)
  A yaktaur (D:13)
  A troll (D:10)
  2 polar bears
  Grinder (D:4)
  12 blink frogs
  7 dream sheep
  A slime creature (D:12)
  2 tyrant leeches (Lair:5)
  24 yaks
  Sigmund (D:5)
  A vampire (D:9)
  Eustachio (D:6)
  A shadow (D:8)
  A wraith (D:10)
  4 wyverns
  3 basilisks
  2 humans (D:8)
  6 vampire mosquitoes
  3 swamp worms (Lair:3)
  21 water moccasins
  A black bear (D:6)
  5 orc warriors
  A sky beast (D:6)
  An ogre (D:4)
  18 wolves
  7 centaurs
  A lemure (D:4)
  Blork the orc (D:4)
  2 kobold brigands
  13 bullfrogs
  2 gnoll sergeants
  4 scorpions
  A wyvern zombie (D:9)
  7 wights
  4 killer bees (D:9)
  8 electric eels
  3 centaur zombies (D:9)
  A gnoll bouda (D:10)
  7 hounds
  2 jellies
  7 orc priests
  4 sleepcaps
  Natasha (thrice) (D:2)
  4 iguanas
  6 orc wizards
  5 hell rats (Lair:5)
  A statue (D:3)
  2 killer bee zombies (D:9)
  3 howler monkey zombies (D:9)
  11 gnolls
  4 adders
  A white imp (D:5)
  3 worms
  2 dart slugs
  16 orcs
  8 ball pythons
  3 endoplasms
  4 giant cockroaches
  3 goblins
  3 hobgoblins
  3 jackals (D:2)
  14 kobolds
  3 quokkas
  4 bats
  3 frilled lizards
  A rat (D:2)
373 creatures vanquished.

Vanquished Creatures (collateral kills)
  2 death yaks (Lair:5)
2 creatures vanquished.

Vanquished Creatures (others)
  A cyclops (D:14)
  9 fungi
  93 plants
  2 withered plants (D:9)
105 creatures vanquished.

Grand Total: 480 creatures vanquished

Notes
Turn   | Place    | Note
-------+----------+-------------------------------------------
     0 | D:1      | mandoloar the Hill Orc Fighter began the quest for the Orb.
     0 | D:1      | Reached XP level 1. HP: 19/19 MP: 1/1
   274 | D:1      | Reached skill level 3 in Axes
   274 | D:1      | Reached XP level 2. HP: 24/27 MP: 2/2
  1385 | D:2      | Reached XP level 3. HP: 29/33 MP: 3/3
  1868 | D:2      | Noticed Natasha
  1881 | D:2      | Killed Natasha
  1882 | D:2      | Reached skill level 4 in Axes
  1882 | D:2      | Reached XP level 4. HP: 35/41 MP: 4/4
  2085 | D:2      | Noticed Natasha
  2095 | D:2      | Killed Natasha
  2096 | D:2      | Reached skill level 5 in Fighting
  2283 | D:2      | Noticed Natasha
  2303 | D:2      | Killed Natasha
  2304 | D:2      | Reached XP level 5. HP: 23/48 MP: 5/5
  2568 | D:3      | Identified a scroll of acquirement
  2568 | D:3      | Acquired a +3 broad axe of venom
  2575 | D:3      | Found a shimmering blue altar of Sif Muna.
  2618 | D:3      | Reached skill level 5 in Axes
  2957 | D:3      | Got the Lectures on Kinetic Jinxing
  3082 | D:3      | Found a radiant altar of Vehumet.
  3082 | D:3      | Noticed a frost-covered statue
  3324 | D:3      | Killed a frost-covered statue
  3466 | D:4      | Noticed Grinder
  3541 | D:4      | Reached skill level 12 in Axes
  3541 | D:4      | Reached XP level 6. HP: 68/68 MP: 6/6
  3793 | D:4      | Noticed Pikel
  3802 | D:4      | Killed Pikel
  3803 | D:4      | Reached skill level 1 in Throwing
  3803 | D:4      | Reached XP level 7. HP: 56/75 MP: 7/7
  3975 | D:4      | Reached XP level 8. HP: 71/83 MP: 8/8
  4220 | D:4      | Noticed Blork the orc
  4226 | D:4      | Killed Blork the orc
  4431 | D:4      | Killed Grinder
  4808 | D:5      | Entered Level 5 of the Dungeon
  5072 | D:5      | Got the Vellum of Shifting Contaminants
  5380 | D:5      | Noticed Sigmund
  5387 | D:5      | Killed Sigmund
  5388 | D:5      | Reached XP level 9. HP: 90/90 MP: 9/9
  6684 | D:6      | Found a staircase to the Ecumenical Temple.
  6699 | Temple   | Entered the Ecumenical Temple
  6704 | Temple   | Became a worshipper of Qazlal Stormbringer
  6839 | D:6      | Noticed Eustachio
  6896 | D:6      | Killed Eustachio
  6897 | D:6      | Reached skill level 5 in Armour
  6897 | D:6      | Reached skill level 5 in Shields
  6940 | D:6      | Found a hide-covered altar of Uskayaw.
  7008 | D:6      | Reached skill level 1 in Invocations
  7024 | D:6      | Found Huafarph's Antique Armour Shoppe.
  7250 | D:7      | Reached skill level 13 in Axes
  7301 | D:7      | Found a shimmering altar of Xom.
  7304 | D:7      | Found a shadowy altar of Dithmenos.
  7307 | D:7      | Found a glowing golden altar of the Shining One.
  8392 | D:8      | Reached XP level 10. HP: 78/99 MP: 11/11
  8702 | D:8      | Noticed Erica
  8942 | D:8      | Killed Erica
  9094 | D:8      | Found an iron altar of Okawaru.
  9529 | D:9      | Reached * piety under Qazlal
  9559 | D:9      | Found a glowing silver altar of Zin.
  9827 | D:9      | Reached ** piety under Qazlal
 10160 | D:9      | Reached XP level 11. HP: 102/106 MP: 14/14
 10256 | D:9      | Found an opulent altar of Gozag.
 10336 | D:10     | Entered Level 10 of the Dungeon
 10415 | D:10     | Reached skill level 5 in Invocations
 10497 | D:10     | Reached skill level 1 in Dodging
 11781 | D:10     | Found a portal to a secret trove of treasure.
 11810 | D:10     | Found a staircase to the Lair.
 12259 | Lair:1   | Entered Level 1 of the Lair of Beasts
 12355 | Lair:1   | Reached skill level 14 in Axes
 12439 | Lair:1   | Noticed an oklob plant
 12450 | Lair:1   | Reached skill level 5 in Throwing
 12580 | Lair:1   | Noticed a death yak
 12582 | Lair:1   | Noticed a death yak
 12592 | Lair:1   | Killed a death yak
 12597 | Lair:1   | Noticed a death yak
 12598 | Lair:1   | Noticed a death yak
 12599 | Lair:1   | Killed a death yak
 12605 | Lair:1   | Killed a death yak
 12608 | Lair:1   | Killed a death yak
 12615 | Lair:1   | Noticed a catoblepas
 12625 | Lair:1   | Killed a catoblepas
 12626 | Lair:1   | Reached XP level 12. HP: 95/115 MP: 16/16
 14725 | Lair:3   | Found a staircase to the Snake Pit.
 15315 | Lair:3   | Reached *** piety under Qazlal
 15490 | Lair:3   | Found a staircase to the Swamp.
 15919 | Lair:4   | Noticed an eight-headed hydra
 15925 | Lair:4   | Killed an eight-headed hydra
 16177 | Lair:4   | Noticed a death yak
 16179 | Lair:4   | Noticed a boulder beetle
 16197 | Lair:4   | Killed a death yak
 16198 | Lair:4   | Reached skill level 15 in Axes
 16206 | Lair:4   | Killed a boulder beetle
 16207 | Lair:4   | Reached XP level 13. HP: 93/124 MP: 19/19
 17015 | Lair:5   | Entered Level 5 of the Lair of Beasts
 17314 | Lair:5   | Reached skill level 5 in Dodging
 17426 | Lair:5   | Reached **** piety under Qazlal
 17716 | Lair:5   | Identified the staff of poison "Keunk" {rPois Int+3 Dex+2}
 17725 | Lair:5   | Identified the +7 dagger of the Mosquito {drain, *Slow
                  | rElec rF++ SInv}
 17883 | Lair:4   | Reached XP level 14. HP: 79/133 MP: 21/21
 18156 | Lair:4   | Reached skill level 10 in Invocations
 18641 | Lair:5   | Found a viscous altar of Jiyva.
 18642 | Lair:5   | Found a staircase to the Slime Pits.
 19014 | D:11     | You fall into a shaft and drop 3 floors!
 19040 | D:14     | Reached skill level 15 in Fighting
 19143 | D:14     | Found a gate to the Vaults.
 19157 | D:14     | Reached skill level 10 in Armour
 19159 | D:14     | Reached skill level 16 in Axes
 19159 | D:14     | Reached skill level 10 in Shields
 19467 | D:12     | Annihilated by an enormous slime creature

Illustrated notes

Levels and vault maps discovered:
D:1:      minmay_arrival_nine_rooms, layout_basic
D:2:      layout_basic, st_stairs_7, hangedman_decor_clover_reticule,
          grunt_decor_clamped, uniq_natasha
D:3:      layout_basic, vehumet_statue, old_standard_altar
D:4:      layout_loops_cross, uniq_pikel, uniq_grinder, uniq_blork_the_orc
D:5:      layout_basic, uniq_sigmund
D:6:      layout_loops_ring, mainiacjoe_overflow_chevrons,
          minmay_temple_entry_mini_moons, serial_shops,
          nicolae_shop_competitors_out_of_business, uniq_eustachio
D:7:      layout_basic, grunt_temple_overflow_open
D:8:      layout_gridville, okawaru_humans, uniq_erica
D:9:      layout_basic, general_overflow_altar, mainiacjoe_overflow_boulevard,
          serial_undead, serial_undead_c, serial_undead_d, serial_undead_a,
          serial_undead_c
D:10:     layout_loops_cross, erik_lair_island, enter_trove_2
D:11:     layout_roguey, david_orc_2, small_statue_alley_a,
          kennysheep_windowed_goal
D:12:     layout_loops_ring, uniq_frances, uniq_fannar
D:13:     layout_loops_ring, kennysheep_doodads, nicolae_gozag_seed_capital
D:14:     layout_roguey, lightli_vaults_fourway_checkpoint, chequers_big_river
Temple:   nicolae_temple_ecumenical_triangle
Lair:1:   layout_regular_city, infiniplex_staircase_pool_2
Lair:2:   layout_cave_pods, serial_bayou_shore_a, grunt_megastairs_1
Lair:3:   layout_long_grid, nicolae_swamp_entry_splash_gauntlet,
          minmay_snake_entry_six_corridors, minivault_11
Lair:4:   layout_regular_city, hangedman_lair_generics_rect
Lair:5:   minmay_lair_end_frog_pond, layout_big_grid, dpeg_slime_entry_enclosed,
          serial_bayou_crossing, infiniplex_staircase_pool

Skill      XL: |  1  2  3  4  5  6  7  8  9 10 11 12 13 14 |
---------------+-------------------------------------------+-----
Axes           | 3 4 12 13 14 15 16 | 16.1
Fighting       | 4 5 11 12 13 14 15 | 15.1
Throwing       | 1 2 3 4 5 6 7 |  7.8
Armour         | 4 5 6 7 8 9 10 | 10.1
Shields        | 4 5 6 7 8 9 10 | 10.2
Invocations    | 2 4 6 8 9 10 | 10.6
Dodging        | 2 4 5 |  5.8

Action                     |  1- 3 |  4- 6 |  7- 9 | 10-12 | 13-15 || total
---------------------------+-------+-------+-------+-------+-------++-------
  Melee: War axe           |    77 |    21 |       |       |       ||    98
         Broad axe         |       |    54 |   175 |   475 |   377 ||  1081
         Morningstar       |       |       |       |     4 |     7 ||    11
  Throw: Dart              |     4 |     1 |    16 |    39 |    58 ||   118
         Boomerang         |       |    13 |       |       |     2 ||    15
         Stone             |       |     2 |       |       |       ||     2
 Invoke: Upheaval          |       |       |       |     8 |     6 ||    14
         Elemental Force   |       |       |       |       |     1 ||     1
    Use: Scroll            |     1 |    10 |    10 |    14 |     4 ||    39
         Potion            |       |     1 |       |       |     4 ||     5
   Stab: Petrifying        |       |       |       |       |     1 ||     1
         Petrified         |       |       |       |       |     1 ||     1
 Armour: Scale mail        |    43 |    38 |    17 |       |       ||    98
         Plate armour      |       |       |    65 |   252 |   213 ||   530
  Dodge: Dodged            |    38 |    34 |    38 |   113 |   123 ||   346
  Block: Buckler           |    18 |    20 |    25 |   254 |   255 ||   572

Table legend: (Time is in decaauts)
 A = Elapsed time spent in this place.
 B = Non-inter-level travel time spent in this place.
 C = Inter-level travel time spent in this place.
 D = Time resting spent in this place.
 E = Time spent auto-exploring this place.
 F = Levels seen in this place.
 G = Mean time per level.
                   A        B        C        D        E       F      G
               +--------+--------+--------+--------+--------+-----+--------+
         Total |  19557 |  17960 |   1597 |   5181 |   9713 |  20 |  977.8 |
       Dungeon |  12787 |  11777 |   1010 |   3897 |   6026 |  14 |  913.4 |
        Temple |     48 |     36 |     12 |      0 |     25 |   1 |   48.0 |
          Lair |   6721 |   6146 |    575 |   1284 |   3662 |   5 | 1344.2 |
               +--------+--------+--------+--------+--------+-----+--------+

Top non-repeatable levels by time:
     D:9: 1654 daAuts
  Lair:4: 1577 daAuts
     D:5: 1551 daAuts
  Lair:5: 1536 daAuts
     D:2: 1535 daAuts
     D:7: 1500 daAuts
     D:4: 1311 daAuts
  Lair:2: 1310 daAuts
  Lair:3: 1163 daAuts
  Lair:1: 1135 daAuts
     D:3: 1107 daAuts
    D:10: 1042 daAuts
     D:1: 965 daAuts
     D:8: 927 daAuts
     D:6: 755 daAuts
